 Dungeon Crawl Stone Soup version bcrawl-1.35.5c (webtiles) character file.

Game seed: 11489544244313837076

170668 Anunax the Firebug (level 7, -6/41 HPs)
             Began as a Kobold Fire Elementalist on Mar 13, 2022.
             Was an Initiate of Yredelemnul.
             Mangled by Pikel
             ... wielding a +0 whip of flaming
              (10 damage)
             ... on level 4 of the Dungeon.
             The game lasted 00:14:31 (3919 turns).

Anunax the Firebug (Kobold Fire Elementalist)       Turns: 3919, Time: 00:14:32

Health: -6/41      AC:  2    Str:  5    XL:     7   Next: 21%
Magic:  4/13       EV: 15    Int: 19    God:    Yredelemnul [......]
Gold:   219        SH:  0    Dex: 15    Spells: 12/15 levels left

rFire    + . .     SeeInvis .   l - +2 dagger (flame)
rCold    . . .     Gourm    .   (shield restricted)
rNeg     . . .     Faith    .   a - +0 robe
rPois    +         Spirit   .   (no helmet)
rElec    .         Reflect  .   (no cloak)
rCorr    .                      (no gloves)
MR       .....                  (no boots)
Stlth    ++........             j - amulet of the acrobat
HPRegen  0.13/turn              m - ring of poison resistance
MPRegen  0.13/turn              p - ring of protection from fire

@: no status effects
A: small, talons 1, carnivore, mutation resistance 1, sense surroundings 2
a: Renounce Religion


You were on level 4 of the Dungeon.
You worshipped Yredelemnul.
Yredelemnul was noncommittal.
You were completely stuffed.

You visited 1 branch of the dungeon, and saw 4 of its levels.

You collected 219 gold pieces.

Inventory:

Hand Weapons
 l - a +2 dagger of flaming (weapon)
Missiles
 c - 1333 stones (quivered)
Armour
 a - a +0 robe (worn)
 h - a +0 pair of gloves
Jewellery
 j - an amulet of the acrobat (around neck)
 m - a ring of poison resistance (left hand)
 p - a ring of protection from fire (right hand)
Scrolls
 b - a scroll of fog
 i - 3 scrolls of identify
 k - 2 scrolls of magic mapping {unknown}
 n - 2 scrolls of teleportation {unknown}
 q - a scroll of fear {unknown}
Potions
 d - a potion of flight
 f - a potion of degeneration {unknown}
 g - 2 potions of lignification {unknown}
 o - 2 potions of curing {unknown}
 r - a potion of brilliance {unknown}
 s - 3 potions of invisibility {unknown}
 t - a potion of ambrosia {unknown}
 v - a potion of magic {unknown}
Comestibles
 e - 4 rations {!d}


   Skills:
 + Level 3.1 Dodging
 + Level 3.3 Stealth
 + Level 4.5 Spellcasting
 + Level 2.9 Conjurations
 + Level 5.2 Fire Magic


You had 12 spell levels left.
You knew the following spells:

 Your Spells              Type           Power        Failure   Level  Hunger
a - Flame Tongue          Conj/Fire      ###..        2%          1    None
b - Flaming Arrows        Chrm/Fire      ##......     7%          2    None

Your spell library contained the following spells:

 Spells                   Type           Power        Failure   Level  Hunger
 Conjure Flame            Conj/Fire      ###.....     8%          3    ###....
 Inner Flame              Hex/Fire       N/A          14%         3    ###....
 Sticky Flame             Conj/Fire      ###.....     24%         4    #####..
 Fulminant Prism          Conj/Hex       #.........   56%         4    #####..
 Fireball                 Conj/Fire      ###.......   56%         5    ######.
 Bolt of Draining         Conj/Necr      #.........   89%         5    ######.
 Iron Shot                Conj/Erth      #.........   100%        6    #######
 Poison Arrow             Conj/Pois      #.........   100%        6    #######
 Orb of Destruction       Conj           ###.......   100%        7    #######
 Spellforged Servitor     Conj/Summ      #.........   100%        7    #######


Dungeon Overview and Level Annotations

Branches:
Dungeon (4/12)
 Temple: D:4-7

Altars:
Elyvilon
Kikubaaqudgha
Okawaru
Trog
Vehumet
Yredelemnul

Annotations:
D:3 1 runed door
D:4 Pikel


Innate Abilities, Weirdness & Mutations

You are small and have problems with some larger weapons.
You have sharp toenails.
You are carnivorous and can eat meat at any time.
You are somewhat resistant to further mutation.
You passively map the area around you.


Message History

Pikel closely misses you.
Casting: Flame Tongue (safe; 2% risk of failure)
Confirm with . or Enter, or press ? or * to list all spells.
Aiming: Flame Tongue (safe; 2% risk of failure)
Press: ? - help, Shift-Dir - straight line, f/p - Pikel
Aim: Pikel, wielding a +0 whip of flaming and wearing a +0 robe (lightly wounded)
The flame tongue hits Pikel.
Pikel is lightly wounded.
Pikel hits you with a +0 whip of flaming.
* * * LOW HITPOINT WARNING * * *
Casting: Flame Tongue (safe; 2% risk of failure)
Confirm with . or Enter, or press ? or * to list all spells.
Aiming: Flame Tongue (safe; 2% risk of failure)
Press: ? - help, Shift-Dir - straight line, f/p - Pikel
Aim: Pikel, wielding a +0 whip of flaming and wearing a +0 robe (lightly wounded)
The flame tongue hits Pikel!
Pikel is moderately wounded.
Pikel hits you with a +0 whip of flaming!
You die...
Your body rises from the dead as a mindless zombie.

#.....#....'.................#...
#.....#....#.................#...
#.....######.................####
#..............#########.........
#..............#...'...#.......<.
#........p.....#...#...#.........
#..............#...#...#.........
###+##.........#...#...#.........
* #.........#@####+##......... *,
#......#'##K#............... *
#......#...p#............... *
#......#....+............... ,,
,#......###'##............... ,
#..........).......#####.... *,
,,#............###'###...#.... ,
#............+.........#.... ,
..........#.........#....


You could see Pikel and a slave.

Vanquished Creatures
  A scorpion (D:4)
  A howler monkey (D:4)
  Jessica (D:3)
  7 adders
  An ooze (D:1)
  3 worms
  5 dart slugs
  5 leopard geckos
  5 orcs
  2 ball pythons
  2 giant cockroaches (D:1)
  8 hobgoblins
  3 jackals
  A quokka (D:3)
  4 bats
  3 frilled lizards
  A goblin (D:1)
  6 kobolds
  6 rats
65 creatures vanquished.

Vanquished Creatures (collateral kills)
  An ogre (D:4)
  A scorpion (D:4)
  A crimson imp (D:4)
  3 orcs (D:3)
6 creatures vanquished.

Vanquished Creatures (others)
  A wight (D:4)
1 creature vanquished.

Grand Total: 72 creatures vanquished

Notes
Turn   | Place    | Note
-------+----------+-------------------------------------------
     0 | D:1      | Anunax the Kobold Fire Elementalist began the quest for the
                  | Orb.
     0 | D:1      | Reached XP level 1. HP: 11/11 MP: 3/3
   169 | D:1      | Reached XP level 2. HP: 14/17 MP: 1/5
   569 | D:1      | Reached skill level 1 in Conjurations
   569 | D:1      | Reached XP level 3. HP: 21/21 MP: 2/7
   908 | D:2      | Found an iron altar of Okawaru.
  1440 | D:2      | Learned a level 2 spell: Flaming Arrows
  1872 | D:3      | Reached XP level 4. HP: 26/27 MP: 3/8
  1986 | D:3      | Found a white marble altar of Elyvilon.
  2238 | D:3      | Reached skill level 4 in Fire Magic
  2419 | D:3      | Found a runed door.
  2615 | D:3      | Found an ancient bone altar of Kikubaaqudgha.
  2616 | D:3      | Found a radiant altar of Vehumet.
  2617 | D:3      | Found a basalt altar of Yredelemnul.
  2627 | D:3      | Reached XP level 5. HP: 31/31 MP: 5/9
  2631 | D:3      | Became a worshipper of Yredelemnul the Dark
  3133 | D:3      | Noticed Jessica
  3138 | D:3      | Killed Jessica
  3190 | D:3      | Found a bloodstained altar of Trog.
  3310 | D:4      | Reached XP level 6. HP: 34/36 MP: 6/11
  3644 | D:4      | Noticed an ogre
  3651 | D:4      | Killed an ogre
  3652 | D:4      | Reached XP level 7. HP: 41/41 MP: 8/13
  3655 | D:4      | Reached skill level 5 in Fire Magic
  3866 | D:4      | Noticed Pikel
  3919 | D:4      | Mangled by Pikel

Skill      XL: |  1  2  3  4  5  6  7 |
---------------+----------------------+-----
Conjurations   | 1 2 |  2.9
Fire Magic     | 4 5 |  5.2
Spellcasting   | 3 4 |  4.5
Dodging        | 3 |  3.1
Stealth        | |  3.3

Action                   |  1- 3 |  4- 6 |  7- 9 || total
-------------------------+-------+-------+-------++-------
Melee: Unarmed           |     5 |       |       ||     5
       Kick              |     2 |     2 |       ||     4
       Dagger            |       |     8 |       ||     8
 Cast: Flame Tongue      |    65 |    82 |    15 ||   162
       Flaming Arrows    |     1 |     1 |       ||     2
  Use: Scroll            |     2 |       |       ||     2
  Eat: Chunk             |    12 |     6 |     2 ||    20
Armor: Robe              |     3 |     4 |       ||     7
Dodge: Dodged            |    18 |    39 |     5 ||    62
